 Dungeon Crawl Stone Soup version 0.22.1-2-g9c5b331 (webtiles) character file.

2448 myga the Digger (level 9, -16/76 HPs)
             Began as a Troll Earth Elementalist on Dec 8, 2018.
             Was a Priest of Elyvilon.
             Demolished by an orc warrior
             ... wielding a +0 glaive
              (22 damage)
             ... on level 7 of the Dungeon.
             The game lasted 00:46:20 (5096 turns).

myga the Digger (Troll Earth Elementalist)          Turns: 5096, Time: 00:46:21

Health: -16/76     AC:  7    Str: 18    XL:     9   Next: 25%
Magic:  7/14       EV: 11    Int: 12    God:    Elyvilon [***...]
Gold:   226        SH:  4    Dex: 12    Spells: 1/16 levels left

rFire    . . .     SeeInvis .     - Unarmed
rCold    . . .     Gourm    +   (no shield)
rNeg     . . .     Faith    .   o - +0 robe
rPois    .         Spirit   .   (helmet restricted)
rElec    .         Reflect  +   (no cloak)
rCorr    .         Harm     .   (gloves unavailable)
MR       .....                  (boots unavailable)
Stlth    +++.......             p - +4 amulet of reflection
HPRegen  0.62/turn              G - ring of stealth
MPRegen  0.14/turn              J - +2 ring of protection

@: no status effects
A: large, unfitting armour, claws 3, fast metabolism 3, gourmand, regeneration
1, shaggy fur 1, tough skin 2
a: Lesser Healing, Heal Other, Purification, Divine Protection, Renounce
Religion


You were on level 7 of the Dungeon.
You worshipped Elyvilon.
Elyvilon was most pleased with you.
You were very full.

You visited 2 branches of the dungeon, and saw 8 of its levels.

You collected 226 gold pieces.

Inventory:

Hand Weapons
 A - the +0 hunting sling of Egomania {freeze, +Fly rC+ Int+3}
   (You found it on level 5 of the Dungeon)

   It causes projectiles fired from it to freeze those they strike, causing
   extra injury to most foes and up to half again as much damage against
   particularly susceptible opponents.
   They can also slow down cold-blooded creatures.
   It affects your intelligence (+3).
   It protects you from cold.
   It lets you fly.
Missiles
 b - 56 stones (quivered)
 t - 34 arrows
 D - a throwing net
 E - 4 large rocks
Armour
 o - a +0 robe (worn)
 u - a +1 shield
 v - a +0 robe
 w - a +0 robe
 x - a +0 robe
 y - a +0 robe
 I - a +0 robe
 K - a +0 robe
 L - a +0 robe
 M - a cursed +0 robe
Magical Staves
 s - an uncursed staff of poison
Jewellery
 p - a +4 amulet of reflection (around neck)
 G - a ring of stealth (left claw)
 J - a +2 ring of protection (right claw)
Wands
 a - a wand of iceblast (3)
 i - a wand of flame (7)
 n - a wand of acid (8)
 C - a wand of random effects (11)
Scrolls
 c - 2 scrolls of enchant armour
 g - 4 scrolls of remove curse
 h - 4 scrolls of fear
 q - 2 scrolls of amnesia
 z - a scroll of teleportation
 F - 3 scrolls of identify
Potions
 e - a potion of lignification
 f - a potion of flight
 j - 2 potions of curing
 k - 3 potions of heal wounds
 l - a potion of mutation
 m - a potion of ambrosia
 H - a potion of haste
Miscellaneous
 r - a lightning rod (4/4)
Comestibles
 d - 22 rations
 B - 5 chunks of flesh


   Skills:
 + Level 1.5 Fighting
 + Level 2.3 Throwing
 + Level 3.3 Dodging
 + Level 1.5 Stealth
 + Level 0.7 Shields
 + Level 5.3 Unarmed Combat
 + Level 4.1 Spellcasting
 + Level 1.7 Conjurations
 + Level 0.6 Transmutations
 + Level 6.3 Earth Magic
 + Level 1.4 Evocations


You had one spell level left.
You knew the following spells:

 Your Spells              Type           Power        Failure   Level  Hunger
a - Sandblast             Erth           ###...       1%          1    None
b - Passwall              Tmut/Erth      ##......     8%          2    ##.....
c - Stone Arrow           Conj/Erth      ##....       13%         3    ###....
d - Petrify               Tmut/Erth      ##......     45%         4    ####...
e - Lee's Rapid Deconstr  Erth           ###.......   41%         5    ######.

Your spell library contained the following spells:

 Spells                   Type           Power        Failure   Level  Hunger
 Magic Dart               Conj           #...         11%         1    None
 Blink                    Tloc           N/A          32%         2    ##.....
 Call Imp                 Summ           #.......     32%         2    ##.....
 Slow                     Hex            #.......     32%         2    ##.....
 Conjure Flame            Conj/Fire      #.......     43%         3    ###....
 Mephitic Cloud           Conj/Pois/Air  #.......     45%         3    ###....


Dungeon Overview and Level Annotations

Branches:
Dungeon (7/15)             Temple (1/1) D:6

Altars:
Ashenzari
Cheibriados
Dithmenos
Elyvilon
Fedhas
Gozag
Hepliaklqana
Kikubaaqudgha
Makhleb
Nemelex Xobeh
Okawaru
Qazlal
Ru
Sif Muna
Trog
Uskayaw
Vehumet
Wu Jian
Xom
Yredelemnul
Zin

Shops:
D:4 :


Innate Abilities, Weirdness & Mutations

You are too large for most types of armour.
You have claws for hands.
Your metabolism is lightning-fast.
You like to eat raw meat.
Your natural rate of healing is unusually fast.
You are covered in fur. (AC +1)
You have very tough skin. (AC +2)


Message History

Casting: Sandblast (safe; 1% risk of failure)
Confirm with . or Enter, or press ? or * to list all spells.
Aiming: Sandblast (safe; 1% risk of failure)
Press: ? - help, Shift-Dir - straight line, f/p - orc warrior
Aim: an orc warrior, wielding a glaive and wearing a plate armour (severely The blast of sand hits the orc warrior.
The orc warrior is severely wounded.
b - 56 stones The shadow imp shouts, "Remove thy stench, thou unhinged limp-willed The orc warrior barely misses you.
You scratch the orc warrior but do no damage.
The orc warrior is severely wounded.
The orc warrior barely misses you.
The shadow imp picks up a beetle and eats it.
You barely miss the orc warrior.
The orc warrior is severely wounded.
The orc warrior hits you with a glaive!!
* * * LOW HITPOINT WARNING * * *
The orc warrior hits you from afar with a glaive!!
You die...

###### #############
###....#
....)..)....#
#......#
.##########.#
#......#### .#
#.####.........##.#.
.#
#...##..............
.#
###.).@..†5.........
.# ####...M.....)..)#
.#####
#o###....$....#
.....#
#######.##........)(#
####.#
#.......##...........
#.#
#.#####.##.....)....#
#.# #.#
#.##..........# #.#
#.# #.#.#(........#
#.# #.# #..


You could see an orc warrior, a mummy and a shadow imp.

Vanquished Creatures
  The ghost of strongu the Fighter, a novice OpGl (D:5)
  A hippogriff (D:4)
  Menkaure (D:5)
  A water moccasin (D:6)
  An orc warrior (D:7)
  Duvessa (D:4)
  2 sky beasts (D:6)
  3 ogres
  Blork the orc (D:5)
  A bullfrog (D:6)
  A water moccasin skeleton (D:6)
  Dowan (D:4)
  A wight (D:7)
  A howler monkey (D:5)
  2 vampire bats (D:4)
  A bullfrog skeleton (D:7)
  3 hounds
  5 orc wizards
  An orc priest (D:4)
  An iguana (D:6)
  Ijyb (D:3)
  Terence (D:2)
  Natasha (twice) (D:3)
  4 worker ants
  A gnoll (D:1)
  8 adders
  5 oozes
  5 worms
  6 dart slugs
  3 leopard geckos
  10 orcs
  16 bats
  6 giant cockroaches
  8 goblins
  4 hobgoblins (D:1)
  4 jackals (D:3)
  A quokka (D:3)
  3 ball pythons
  9 frilled lizards
  A jackal zombie (D:6)
  8 kobolds
  15 rats
151 creatures vanquished.

Vanquished Creatures (others)
  An orc wizard (D:4)
1 creature vanquished.

Grand Total: 152 creatures vanquished

Notes
Turn   | Place    | Note
-------+----------+-------------------------------------------
     0 | D:1      | myga the Troll Earth Elementalist began the quest for the
                  | Orb.
     0 | D:1      | Reached XP level 1. HP: 16/16 MP: 1/1
   135 | D:1      | Reached skill level 3 in Earth Magic
   174 | D:1      | Reached XP level 2. HP: 24/24 MP: 0/3
   285 | D:1      | Learned a level 2 spell: Passwall
   649 | D:1      | Reached XP level 3. HP: 31/31 MP: 4/4
   729 | D:1      | Reached skill level 1 in Unarmed Combat
  1079 | D:2      | Reached XP level 4. HP: 38/39 MP: 3/5
  1225 | D:2      | Noticed Terence
  1229 | D:2      | Killed Terence
  1417 | D:2      | Found a white marble altar of Elyvilon.
  1442 | D:2      | Learned a level 3 spell: Stone Arrow
  1574 | D:2      | Became a worshipper of Elyvilon the Healer
  1618 | D:3      | Noticed Natasha
  1637 | D:3      | Killed Natasha
  1637 | D:3      | Reached XP level 5. HP: 36/46 MP: 4/6
  1696 | D:3      | Noticed Natasha
  1703 | D:3      | Killed Natasha
  1703 | D:3      | Reached skill level 4 in Earth Magic
  2187 | D:3      | Noticed Ijyb
  2194 | D:3      | Killed Ijyb
  2194 | D:3      | Reached XP level 6. HP: 54/54 MP: 0/8
  2199 | D:3      | Reached * piety under Elyvilon
  2348 | D:4      | Noticed a hippogriff
  2358 | D:4      | Killed a hippogriff
  2358 | D:4      | Reached skill level 1 in Throwing
  2358 | D:4      | Reached XP level 7. HP: 47/61 MP: 5/10
  2400 | D:4      | Found Wuelul's Book Boutique.
  2683 | D:4      | Learned a level 4 spell: Petrify
  2714 | D:4      | Noticed Duvessa
  2714 | D:4      | Noticed Dowan
  2716 | D:4      | Killed Dowan
  2723 | D:4      | Killed Duvessa
  2752 | D:4      | Reached skill level 5 in Earth Magic
  2962 | D:5      | Entered Level 5 of the Dungeon
  2970 | D:5      | Reached skill level 1 in Evocations
  2975 | D:5      | Noticed Menkaure
  2980 | D:5      | Killed Menkaure
  2980 | D:5      | Reached XP level 8. HP: 64/68 MP: 4/11
  3061 | D:5      | Noticed Blork the orc
  3068 | D:5      | Killed Blork the orc
  3132 | D:5      | Reached ** piety under Elyvilon
  3463 | D:5      | Got a smoking hunting sling
  3464 | D:5      | Identified the cursed +0 hunting sling of Egomania {freeze,
                  | +Fly rC+ Int+3} (You found it on level 5 of the Dungeon)
  3636 | D:5      | Found a runed door.
  3636 | D:5      | Noticed strongu's ghost (novice OpGl)
  3661 | D:5      | Killed strongu's ghost
  3661 | D:5      | Reached skill level 1 in Fighting
  3680 | D:5      | Found a runed door.
  3872 | D:6      | Reached skill level 1 in Conjurations
  3987 | D:6      | Reached skill level 6 in Earth Magic
  4166 | D:6      | Found a staircase to the Ecumenical Temple.
  4192 | Temple   | Entered the Ecumenical Temple
  4246 | Temple   | Reached *** piety under Elyvilon
  4278 | D:6      | Reached skill level 5 in Unarmed Combat
  4568 | D:6      | Reached XP level 9. HP: 41/76 MP: 9/13
  4814 | D:6      | Learned a level 5 spell: Lee's Rapid Deconstruction
  5096 | D:7      | Demolished by an orc warrior

Skill      XL: |  1  2  3  4  5  6  7  8  9 |
---------------+----------------------------+-----
Earth Magic    | 3 4 5 6 |  6.3
Unarmed Combat | 1 2 3 5 |  5.3
Spellcasting   | 2 3 4 |  4.1
Dodging        | 2 3 |  3.3
Throwing       | 1 2 |  2.3
Evocations     | 1 |  1.4
Fighting       | 1 |  1.5
Conjurations   | 1 |  1.7
Stealth        | |  1.5
Shields        | |  0.7
Transmutations | |  0.6

Action                   |  1- 3 |  4- 6 |  7- 9 || total
-------------------------+-------+-------+-------++-------
Melee: Unarmed           |    83 |    93 |   193 ||   369
       Punch             |       |       |     3 ||     3
Throw: Stone             |    30 |    65 |    39 ||   134
 Cast: Sandblast         |    21 |    44 |    53 ||   118
       Passwall          |     2 |       |       ||     2
       Stone Arrow       |       |     2 |    17 ||    19
Evoke: Wand              |       |     4 |    10 ||    14
  Use: Scroll            |     5 |     1 |     5 ||    11
       Potion            |       |       |     3 ||     3
 Stab: Sleeping          |     3 |       |     1 ||     4
  Eat: Chunk             |    12 |    17 |    28 ||    57
Armor: Robe              |    37 |    24 |    61 ||   122
Dodge: Dodged            |    35 |    45 |    87 ||   167
Block: Other             |       |     2 |    26 ||    28
